 Dungeon Crawl Stone Soup version 0.32-a0-450-g080537f31e (webtiles) character file.

Game seed: 16322638492817250710

11113 PriceMaster the Thaumaturge (level 11, -10/49 HPs)
             Began as a Spriggan Alchemist on Feb 23, 2024.
             Mangled by an elephant (23 damage)
             ... on level 1 of the Lair of Beasts.
             The game lasted 00:36:00 (15437 turns).

PriceMaster the Thaumaturge (Spriggan Alchemist)   Turns: 15437, Time: 00:36:01

Health: -10/49     AC:  4    Str:  4    XL:     11   Next: 45%
Magic:  0/30       EV: 17    Int: 22    God:
Gold:   545        SH:  0    Dex: 15    Spells: 8/38 levels left

rFire   . . .        n - +3 dagger
rCold   + . .        o - orb {mayhem}
rNeg    . . .        a - +0 robe
rPois   .            (helmet restricted)
rElec   .            i - +1 cloak
rCorr   .            (gloves unavailable)
SInv    +            (boots unavailable)
Will    +....        j - amulet of faith
Stlth   +++          g - ring of protection from cold
HPRegen 0.28/turn    m - ring of wizardry
MPRegen 0.22/turn

%: mayhem, faith, wizardry (x1)
@: about to teleport, very quick
A: very small, no large weapons, unfitting armour, see invisible, speed 3
a: no special abilities


You were on level 1 of the Lair of Beasts.
You visited 2 branches of the dungeon, and saw 10 of its levels.

You collected 665 gold pieces.
You spent 120 gold pieces at shops.

Inventory:

Hand Weapons
 b - a +2 rapier of protection
 d - a +0 short sword
 h - a +0 dagger
 n - a +3 dagger (weapon)
Armour
 a - a +0 robe (worn)
 i - a +1 cloak (worn)
 o - an orb of mayhem (worn)
Jewellery
 g - a ring of protection from cold (left hand)
 j - an amulet of faith (around neck)
 m - a ring of wizardry (right hand)
Wands
 k - a wand of iceblast (17)
 s - a wand of polymorph (3)
 w - a wand of paralysis (21)
Scrolls
 c - 2 scrolls of fog
 f - a scroll of amnesia
 q - a scroll of fear
 r - a scroll of teleportation
 t - a scroll of poison
 u - 2 scrolls of enchant weapon
Potions
 e - 2 potions of heal wounds
 l - 3 potions of degeneration
 p - a potion of lignification
 v - a potion of curing {unknown}
 x - a potion of brilliance {unknown}
 z - a potion of attraction {unknown}


   Skills:
 + Level 1.4 Fighting
 + Level 1.2 Short Blades
 + Level 3.3 Dodging
 + Level 4.8 Stealth
 * Level 14.2 Spellcasting
 + Level 3.6 Conjurations
 + Level 0.3 Summonings
 * Level 8.5 Translocations
 + Level 1.3 Fire Magic
 + Level 0.7 Air Magic
 + Level 0.2 Earth Magic
 * Level 11.9 Alchemy
 + Level 1.4 Evocations


You had 8 spell levels left.
You knew the following spells:

 Your Spells              Type           Power      Damage    Failure   Level
a - Sting                 Conj/Alch      100%       1d9       1%          1
b - Mephitic Cloud        Conj/Alch/Air  39%        N/A       1%          3
c - Gell's Gravitas       Tloc           52%        N/A       1%          3
d - Olgreb's Toxic Radia  Alch           62%        N/A       1%          4
e - Sticky Flame          Fire/Alch      45%        2d9       1%          4
f - Dispersal             Tloc           26%        N/A       8%          6
g - Summon Blazeheart Go  Fire/Summ      19%        N/A       12%         4
h - Lee's Rapid Deconstr  Erth           8%         3d7*      36%         5

Your spell library contained the following spells:

 Spells                   Type           Power      Damage    Failure   Level
 Magic Dart               Conj           100%       1d8       1%          1
 Mercury Vapours          Alch/Air       86%        N/A       1%          2
 Searing Ray              Conj           62%        2d6       1%          2
 Teleport Other           Tloc           52%        N/A       1%          3
 Fulminant Prism          Conj/Alch      24%        3d12      1%          4
 Passage of Golubria      Tloc           52%        N/A       1%          4
 Silence                  Hex/Air        8%         N/A       34%         5
 Orb of Destruction       Conj           15%        9d7       95%         7
 Spellforged Servitor     Conj/Summ      12%        N/A       99%         7
 Lehudib's Crystal Spear  Conj/Erth      12%        10d4      100%        8


Dungeon Overview and Level Annotations

Branches:
Dungeon (9/15)             Temple (0/1) D:6            Lair (1/5) D:9
    Orc: D:9-12

Altars:
Uskayaw
Yredelemnul

Shops:
D:8 :*

Annotations:
D:9 3 runed translucent doors, Ambrosia's ghost, novice CoGl; bakla's ghost, journeyman CoWr; garrulousMonolith's ghost, novice MDFi; turkaygob69's ghost, novice DEHu


Innate Abilities, Weirdness & Mutations

You are very small and have problems with some larger weapons.
You are too small for most types of armour.
You have supernaturally acute eyesight. (SInv)
You cover ground extremely quickly. (Speed+++)


Message History

Aim: an elephant (moderately wounded, fast, strong, frenzied and wild, very poisoned, 100% to hit)
The sting hits the elephant but does no damage.
The elephant looks as sick as possible!
The elephant is moderately wounded.
The elephant barely misses you. The elephant closely misses you.
Okay, then.
The elephant attacks as it pursues you! The elephant tramples you!!
You stumble backwards!
Aiming: Paralyse
Press: ? - help, Shift-Dir - straight line, f/p - elephant
Aim: an elephant (moderately wounded, fast, strong, frenzied and wild, extremely poisoned, chance to affect: 20%)
The elephant resists with almost no effort.
The elephant completely misses you. The elephant trunk-slaps you.
Casting: Sting (safe; 1% risk of failure)
Confirm with . or Enter, or press ? or * to list all spells.
Okay, then.
Okay, then.
Casting: Sting (safe; 1% risk of failure)
Confirm with . or Enter, or press ? or * to list all spells.
Aiming: Sting (safe; 1% risk of failure)
Press: ? - help, Shift-Dir - straight line, f/p - elephant
Aim: an elephant (heavily wounded, fast, strong, frenzied and wild, very poisoned, 100% to hit)
The sting hits the elephant but does no damage.
The elephant looks as sick as possible!
The elephant is heavily wounded.
The elephant barely misses you. x2; The elephant closely misses you.
The elephant trunk-slaps you but does no damage.
Okay, then.
Aiming: Paralyse
Press: ? - help, Shift-Dir - straight line, f/p - elephant
Aim: an elephant (heavily wounded, fast, strong, frenzied and wild, extremely poisoned, chance to affect: 20%)
The elephant resists with almost no effort.
The elephant completely misses you. The elephant barely misses you.
Okay, then.
Okay, then.
As you read the scroll of teleportation, it crumbles to dust.
You feel strangely unstable. The elephant tramples you.
* * * LOW HITPOINT WARNING * * *
You stumble backwards!
The elephant tramples you!!
You die...

#.......... #†.†.....# ###.†....#
#.#.....## ##.......# #
##.......###.. ###........#....
########......#Y.......
#.#.P.........#@................
##.............#.................
.................................
####..............P............^#
# #............................#
#..........#.................# ##
#...........................#. .#
##..........)................. .#
#..........#..............#.#


You could see a neutral elephant (fast, strong, frenzied, extremely poisoned).

Vanquished Creatures
  A catoblepas (Lair:1)
  A two-headed ogre (D:8)
  Pikel (D:6)
  Maurice (D:7)
  2 elephants (Lair:1)
  A cane toad (Lair:1)
  Jeremiah (D:8)
  2 komodo dragons (Lair:1)
  Eustachio (D:6)
  10 yaks (Lair:1)
  A steam dragon (D:8)
  A water moccasin (Lair:1)
  2 orc warriors
  A black bear (D:6)
  An ice beast (D:6)
  3 sky beasts
  2 ogres
  5 centaurs
  A phantom (D:4)
  A kobold brigand (D:8)
  A nameless horror (Lair:1)
  6 bullfrogs
  3 scorpions (D:6)
  17 wights
  2 cane toad simulacra (Lair:1)
  14 killer bees
  3 howler monkeys (D:8)
  A bombardier beetle (D:4)
  Crazy Yiuf (D:7)
  2 hounds
  3 gnoll boudas
  An iguana (D:6)
  3 orc priests
  2 sleepcaps (D:6)
  7 orc wizards
  26 gnolls
  An adder (D:3)
  A white imp (D:6)
  A dart slug (D:1)
  2 ribbon worms
  19 orcs
  7 endoplasms
  6 giant cockroaches
  12 goblins
  3 hobgoblins
  7 jackals
  10 kobolds
  7 quokkas
  9 ball pythons
  5 bats
  7 frilled lizards
  7 rats
235 creatures vanquished.

Vanquished Creatures (collateral kills)
  An elephant (Lair:1)
  A yak (Lair:1)
  A basilisk (Lair:1)
  An orc warrior (D:9)
  A kobold brigand (D:9)
  A bullfrog (D:9)
  2 gnoll sergeants (D:9)
  A gnoll (D:9)
  An orc (D:9)
10 creatures vanquished.

Vanquished Creatures (others)
  7 blazeheart cores
7 creatures vanquished.

Grand Total: 252 creatures vanquished

Notes
Turn   | Place    | Note
-------+----------+-------------------------------------------
     0 | D:1      | PriceMaster the Spriggan Alchemist began the quest for the
                  | Orb.
     0 | D:1      | Reached XP level 1. HP: 9/9 MP: 5/5
   333 | D:1      | Reached skill level 3 in Spellcasting
   333 | D:1      | Reached XP level 2. HP: 13/13 MP: 1/7
   560 | D:1      | Reached skill level 1 in Conjurations
  1005 | D:1      | Reached XP level 3. HP: 15/16 MP: 5/8
  1260 | D:1      | Learned a level 3 spell: Mephitic Cloud
  1469 | D:2      | Learned a level 3 spell: Gell's Gravitas
  1620 | D:2      | Identified the +0 ring mail "Itzeg" {rF+ Int+3}
  1774 | D:2      | Reached XP level 4. HP: 15/21 MP: 7/10
  1981 | D:2      | Reached skill level 1 in Translocations
  2652 | D:3      | Reached skill level 4 in Spellcasting
  3149 | D:3      | Reached XP level 5. HP: 14/24 MP: 0/12
  3564 | D:3      | Learned a level 4 spell: Olgreb's Toxic Radiance
  3759 | D:4      | Reached XP level 6. HP: 29/29 MP: 8/14
  3926 | D:4      | Reached skill level 5 in Spellcasting
  3926 | D:4      | Reached skill level 5 in Alchemy
  4243 | D:4      | Learned a level 4 spell: Sticky Flame
  4252 | D:4      | Found a basalt altar of Yredelemnul.
  5491 | D:5      | Entered Level 5 of the Dungeon
  5526 | D:5      | You fall into a shaft and drop 1 floor!
  5571 | D:6      | Reached skill level 1 in Short Blades
  5613 | D:6      | Reached XP level 7. HP: 25/32 MP: 0/16
  5721 | D:6      | Learned a level 2 spell: Searing Ray
  5730 | D:6      | Found a staircase to the Ecumenical Temple.
  6030 | D:6      | Noticed Eustachio
  6039 | D:6      | Reached skill level 6 in Spellcasting
  6435 | D:6      | Noticed Pikel
  6480 | D:6      | Reached skill level 7 in Spellcasting
  6501 | D:6      | Reached XP level 8. HP: 21/37 MP: 14/19
  6524 | D:6      | Killed Eustachio
  7155 | D:6      | Killed Pikel
  7156 | D:6      | Reached skill level 8 in Spellcasting
  7497 | D:7      | Noticed Maurice
  7949 | D:7      | Reached skill level 9 in Spellcasting
  7981 | D:7      | Reached XP level 9. HP: 17/40 MP: 9/23
  7990 | D:7      | Reached skill level 5 in Translocations
  7996 | D:7      | Found a hide-covered altar of Uskayaw.
  8183 | D:7      | Killed Maurice
  8184 | D:7      | Reached skill level 10 in Spellcasting
  8184 | D:7      | Reached skill level 1 in Evocations
  9479 | D:7      | Found a runed translucent door.
  9480 | D:7      | Noticed Crazy Yiuf
  9583 | D:7      | Killed Crazy Yiuf
 10217 | D:8      | Reached skill level 11 in Spellcasting
 10219 | D:8      | Noticed a two-headed ogre
 10239 | D:8      | Killed a two-headed ogre
 10240 | D:8      | Reached XP level 10. HP: 39/44 MP: 0/26
 10264 | D:8      | Learned a level 6 spell: Dispersal
 10663 | D:8      | Found Obrysol's Demolitions Depot.
 10665 | D:8      | Noticed Jeremiah
 10674 | D:8      | Killed Jeremiah
 10675 | D:8      | Reached skill level 10 in Alchemy
 10812 | D:8      | Found Bistiudo's Tiny Tomes.
 10820 | D:8      | Bought Ewadics's Collected Works on the Mesa for 120 gold
                  | pieces
 10825 | D:8      | Learned a level 4 spell: Summon Blazeheart Golem
 11652 | D:9      | Reached skill level 12 in Spellcasting
 12317 | D:9      | Reached skill level 1 in Fighting
 12644 | D:9      | Reached skill level 1 in Fire Magic
 13093 | D:9      | Found a staircase to the Lair.
 13218 | D:9      | Found a runed translucent gate.
 13218 | D:9      | Found a runed translucent gate.
 13218 | D:9      | Found a runed translucent gate.
 13383 | D:9      | Noticed Ambrosia's ghost (novice CoGl)
 13383 | D:9      | Noticed garrulousMonolith's ghost (novice MDFi)
 13384 | D:9      | Noticed bakla's ghost (journeyman CoWr)
 13386 | D:9      | Noticed turkaygob69's ghost (novice DEHu)
 13391 | D:9      | Learned a level 5 spell: Lee's Rapid Deconstruction
 13391 | D:9      | Found Muxex's Magic Scroll Shop.
 13391 | D:9      | Found the +8 Wrath of Trog {antimagic, *Rage Rampage}
 13833 | Lair:1   | Entered Level 1 of the Lair of Beasts
 14097 | Lair:1   | Noticed a catoblepas
 14107 | Lair:1   | Killed a catoblepas
 14108 | Lair:1   | Reached skill level 13 in Spellcasting
 14393 | Lair:1   | Found a frozen archway.
 14453 | Lair:1   | Reached XP level 11. HP: 25/49 MP: 11/29
 15423 | Lair:1   | Reached skill level 14 in Spellcasting
 15437 | Lair:1   | Mangled by an elephant

Illustrated notes

Levels and vault maps discovered:
D:1:      minmay_arrival_cross, layout_basic, serial_bayou,
          serial_bayou_shore_a, serial_bayou_lagoon_a, serial_bayou_crossing,
          serial_bayou_shore_b, serial_bayou_pond_c
D:2:      layout_loops_ring
D:3:      layout_basic
D:4:      layout_basic, lemuel_doored_altar
D:5:      layout_cave_pools, serial_bayou_pond_c
D:6:      layout_gridville, minmay_temple_entry_offerings, uniq_pikel,
          uniq_eustachio
D:7:      layout_rooms, nicolae_uskayaw_dance_hall, uniq_maurice,
          uniq_crazy_yiuf_cottage
D:8:      layout_basic, nicolae_shop_i_like_small_books_too,
          nicolae_blasting_shop, uniq_jeremiah
D:9:      layout_cave_pools, dpeg_oklobed_lair, serial_gnoll_camp,
          gnoll_camp_mini_hut, gnoll_camp_mini_hut, gnoll_camp_huts_basic,
          gnoll_camp_mini_hut, gnoll_camp_mini_shop, gammafunk_ghost_cemetery
Lair:1:   layout_cave_pods, portal_ice_cave_entry_ice_simulacra

Skill      XL: |  1  2  3  4  5  6  7  8  9 10 11 |
---------------+----------------------------------+-----
Spellcasting   | 3 4 5 7 9 11 13 14 | 14.2
Conjurations   | 1 2 3 |  3.6
Alchemy        | 4 5 6 7 9 11 | 11.9
Translocations | 1 2 3 4 7 8 |  8.5
Dodging        | 3 |  3.3
Stealth        | 4 |  4.8
Short Blades   | 1 |  1.2
Evocations     | 1 |  1.4
Fighting       | 1 |  1.4
Fire Magic     | 1 |  1.3
Summonings     | |  0.3
Air Magic      | |  0.7
Earth Magic    | |  0.2

Action                     |  1- 3 |  4- 6 |  7- 9 | 10-12 || total
---------------------------+-------+-------+-------+-------++-------
  Melee: Dagger            |    13 |    77 |     8 |    19 ||   117
         Rapier            |       |       |     4 |       ||     4
   Cast: Sting             |    69 |    93 |    75 |    47 ||   284
         Mephitic Cloud    |     2 |     8 |    11 |    12 ||    33
         Gell's Gravitas   |       |     3 |    10 |     8 ||    21
         Olgreb's Toxic Ra |       |     7 |    38 |    61 ||   106
         Sticky Flame      |       |       |    17 |    12 ||    29
         Searing Ray       |       |       |     2 |       ||     2
         Summon Blazeheart |       |       |       |    16 ||    16
         Dispersal         |       |       |       |     3 ||     3
         Lee's Rapid Decon |       |       |       |     3 ||     3
  Evoke: Wand              |       |     3 |    18 |     7 ||    28
    Use: Potion            |       |       |     3 |       ||     3
         Scroll            |       |       |    15 |     4 ||    19
   Stab: Confused          |     1 |     1 |       |       ||     2
 Armour: Robe              |    15 |    34 |    37 |    24 ||   110
  Dodge: Dodged            |    25 |    79 |    53 |    53 ||   210

Table legend: (Time is in decaauts)
 A = Elapsed time spent in this place.
 B = Non-inter-level travel time spent in this place.
 C = Inter-level travel time spent in this place.
 D = Time resting spent in this place.
 E = Time spent auto-exploring this place.
 F = Levels seen in this place.
 G = Mean time per level.
                   A        B        C        D        E       F      G
               +--------+--------+--------+--------+--------+-----+--------+
         Total |  13078 |  12917 |    161 |   6169 |   5133 |  10 | 1307.8 |
       Dungeon |  11655 |  11494 |    161 |   5313 |   4728 |   9 | 1295.0 |
          Lair |   1423 |   1423 |      0 |    855 |    405 |   1 | 1423.0 |
               +--------+--------+--------+--------+--------+-----+--------+

Top non-repeatable levels by time:
     D:6: 2103 daAuts
     D:9: 1946 daAuts
     D:8: 1716 daAuts
     D:7: 1565 daAuts
  Lair:1: 1423 daAuts
     D:4: 1367 daAuts
     D:1: 1154 daAuts
     D:2: 913 daAuts
     D:3: 867 daAuts
     D:5: 21 daAuts
